Construct Infanterie Kompanie
Construct Panzergrenadier Kompanie
Panzergrenadier Officer Quarters
Pak 40 Anti-tank Gun Team
Nebelwerfer 42 Rocket Launcher Team
Construct Panzer Kompanie
Selects Luftwaffe Battlegroup
Selects Stuka Strafing Run
Selects Fallschirmjäger Squad Paradrop
Selects Luftwaffe Pioneer Support
Selects Flak 38 Anti-Air Emplacement
Selects Flak 36 Anti-tank Gun Emplacement
Fallschirmpioneer Squad Paradrop
Fallschirmjäger Squad Paradrop